AoeStats
← Financial Panther

Hideout

509785452Analyzed
1v1 RM · 4d ago on Sep 28, 2026· 51m 49s· 2 players
Game mode
Random Map
Map size
Tiny (2 player)
Population
200
Speed
Normal
Resources
Standard
Victory
Conquest
Starting age
Dark Age
Ending age
Imperial Age
RankedLock teamsTeams togetherTeam positionsShared explorationLock speedFull tech treeHidden civsTurbo modeCheats
Victory
Defeat
🇺🇸 Byzantines · United States
1470
+13
🇺🇸 Britons · United States
1402
-13
Financial Panther
9:49 Feudal Age
13:37 Castle Age
11:41 Double-Bit Axe
12:11 Horse Collar
13:01 Loom
20:55 Wheelbarrow
21:07 Town Watch
21:57 Fletching
22:37 Bodkin Arrow
23:02 Squires
24:18 Gold Mining
24:55 Heavy Plow
25:07 Bow Saw
25:07 Crossbowman
28:53 Imperial Age
26:27 Stone Mining
27:25 Gold Shaft Mining
26:55 Scale Mail Armor
26:17 Pikeman
28:39 Ballistics
28:32 Masonry
28:25 Padded Archer Armor
28:41 Chain Mail Armor
29:00 Forging
29:00 Scale Barding Armor
29:26 Leather Archer Armor
30:40 Chemistry
29:47 Bracer
30:51 Plate Mail Armor
30:36 Forging
31:16 Halberdier
32:29 Ring Archer Armor
32:12 Guilds
32:27 Hand Cart
33:33 Conscription
34:08 Yeomen
34:27 Iron Casting
33:50 Elite Longbowman
35:40 Scale Barding Armor
35:40 Arson
37:22 Siege Engineers
37:48 Architecture
37:31 Fortified Wall
39:16 Hoardings
40:00 Blast Furnace
40:20 Chain Barding Armor
42:20 Light Cavalry
43:00 Husbandry
44:14 Plate Barding Armor
Gush
6:41 Loom
8:51 Feudal Age
9:23 Double-Bit Axe
9:52 Horse Collar
17:04 Castle Age
18:06 Bow Saw
19:52 Heavy Plow
27:51 Wheelbarrow
30:48 Imperial Age
28:30 Fletching
28:41 Padded Archer Armor
29:11 Bodkin Arrow
29:38 Ballistics
29:18 Gold Mining
30:09 Leather Archer Armor
29:17 Pikeman
29:58 Squires
30:39 Hand Cart
30:50 Scale Mail Armor
30:51 Treadmill Crane
31:35 Bracer
31:58 Conscription
32:44 Chemistry
31:23 Elite Skirmisher
32:00 Stone Mining
32:45 Gold Shaft Mining
33:11 Ring Archer Armor
33:41 Crop Rotation
34:15 Two-Man Saw
33:40 Scale Mail Armor
34:03 Thumb Ring
33:19 Crossbowman
33:47 Light Cavalry
34:28 Husbandry
34:50 Chain Mail Armor
35:19 Stone Shaft Mining
34:21 Arbalester
35:33 Scale Barding Armor
35:39 Forging
36:05 Bombard Tower
36:24 Plate Mail Armor
35:27 Onager
36:22 Hussar
37:23 Chain Barding Armor
37:40 Iron Casting
38:35 Hoardings
37:56 Cavalier
39:39 Plate Barding Armor
42:06 Paladin
43:00 Heavy Camel Rider
43:01 Paladin
43:53 Halberdier
Connection lost

Rejoining the realm…

Still unreachable

The connection could not be restored.

Session expired

The server has moved on; the page needs a fresh start.